 Dungeon Crawl Stone Soup version 0.17.0-26-gececa24 (webtiles) character file.

16420 oplop the Nimble (level 12, -19/63 HPs)
             Began as a Spriggan Assassin on Nov 20, 2015.
             Was a Believer of Ashenzari.
             Killed from afar by a deep elf mage (27 damage)
             ... with a fireball
             ... on level 12 of the Dungeon.
             The game lasted 00:37:55 (11752 turns).

oplop the Nimble (Spriggan Assassin)               Turns: 11752, Time: 00:37:56

Health: -19/63     AC:  7    Str:  7    XL:     12   Next: 9%
Magic:  20/20      EV: 33    Int: 15    God:    Ashenzari [**....]
Gold:   485        SH:  9    Dex: 21    Spells: 1 memorised, 5 levels left

rFire  . . .     SeeInvis +     a - +3 dagger (venom)
rCold  . . .     Clarity  .     c - +0 robe (curse)
rNeg   . . .     SustAt   .     E - +0 buckler (curse)
rPois  .         Gourm    .     (helmet restricted)
rElec  .         Spirit   .     I - +1 cloak {+Inv} (curse)
rCorr  .         Warding  .     (gloves unavailable)
rMut   +         Stasis   .     (boots unavailable)
MR     ++...                    n - amulet of resist mutation
Stlth  +++++++...               L - ring of stealth
                                q - +3 ring of intelligence

@: very slightly contaminated, very quick, very resistant to hostile
enchantments, extremely stealthy
A: unfitting armour, talons 1, yellow scales 2, see invisible, dopey 1,
herbivore 3, speed 3, slow metabolism 2
a: Scrying, Renounce Religion, Evoke Invisibility


You were on level 12 of the Dungeon.
You worshipped Ashenzari.
Ashenzari was pleased with you.
You were hungry.

You visited 2 branches of the dungeon, and saw 13 of its levels.
You also visited: Labyrinth.

You collected 693 gold pieces.
You spent 208 gold pieces at shops.

Inventory:

Hand Weapons
 a - a +3 dagger of venom (weapon)
 b - a +0 blowgun
 h - a +0 short sword of holy wrath
 X - a +2 dagger of speed
Missiles
 e - 77 poisoned needles
 f - 10 curare-tipped needles
 K - 3 throwing nets (quivered)
Armour
 c - a cursed +0 robe (worn)
 E - a cursed +0 buckler (worn)
 I - a cursed +1 cloak of invisibility (worn)
Jewellery
 d - an uncursed ring of wizardry
 n - an amulet of resist mutation (around neck)
 q - a +3 ring of intelligence (left hand)
 s - an uncursed ring of fire
 B - an uncursed ring of stealth
 D - an uncursed ring of protection from fire
 L - a ring of stealth (right hand)
 M - an uncursed ring of protection from cold
 N - an uncursed ring of magical power
Wands
 m - a wand of disintegration (5)
 A - a wand of enslavement (19)
 G - a wand of disintegration (13)
Scrolls
 j - 5 scrolls of recharging
 t - 2 scrolls of magic mapping
 u - a scroll of blinking
 y - 2 scrolls of immolation
 C - a scroll of teleportation
 F - 5 scrolls of curse armour
 R - a scroll of summoning
 T - 4 scrolls of curse weapon
 U - a scroll of remove curse
Potions
 i - a potion of brilliance
 k - a potion of resistance
 o - 2 potions of heal wounds
 p - 3 potions of curing
 r - 2 potions of magic
 w - a potion of agility
 x - 3 potions of might
 z - 3 potions of flight
 H - 3 potions of haste
Books
 l - a book of the Sky

   Spells                             Type                      Level
   a - Summon Lightning Spire         Summoning/Air                4
   b - Airstrike                      Air                          4
   c - Silence                        Hexes/Air                    5
   d - Deflect Missiles               Charms/Air                   6
   e - Conjure Ball Lightning         Conjuration/Air              6
   f - Tornado                        Air                          9
 v - a Fen Folio

   Spells                             Type                      Level
   a - Corpse Rot                     Necromancy                   2
   b - Stone Arrow                    Conjuration/Earth            3
   c - Leda's Liquefaction            Hexes/Earth                  4
   d - Summon Forest                  Summoning/Translocation      5
   e - Hydra Form                     Transmutation                6
   f - Summon Hydra                   Summoning                    7
 W - a book of Callings

   Spells                             Type                      Level
   a - Summon Small Mammal            Summoning                    1
   b - Call Imp                       Summoning                    2
   c - Call Canine Familiar           Summoning                    3
   d - Summon Guardian Golem          Hexes/Summoning              3
   e - Summon Lightning Spire         Summoning/Air                4
   f - Summon Ice Beast               Ice/Summoning                4
 Z - Sif Muna's Incunabulum of Creative Clay
   (You found it in a labyrinth)

   Spells                             Type                      Level
   a - Sandblast                      Earth                        1
   b - Stone Arrow                    Conjuration/Earth            3
   c - Passwall                       Transmutation/Earth          3
   d - Lee's Rapid Deconstruction     Earth                        5
   e - Summon Mana Viper              Hexes/Summoning              5
   f - Shadow Creatures               Summoning                    5
   g - Summon Hydra                   Summoning                    7
   h - Shatter                        Earth                        9
Comestibles
 g - 7 bread rations
 J - 28 fruits
 O - a slice of pizza


   Skills:
 + Level 7.6 Fighting
 - Level 8.2 Short Blades
 - Level 5.3 Throwing
 + Level 13.3(14.5) Dodging
 - Level 9.6(11.0) Stealth
 - Level 6.5(8.0) Shields
 + Level 9.4 Evocations


You had 5 spell levels left.
You knew the following spells:

 Your Spells              Type           Power        Failure   Level  Hunger
a - Deflect Missiles      Chrm/Air       #.........   100%        6    #######


Dungeon Overview and Level Annotations

Branches:
Dungeon (12/15)            Temple (1/1) D:5            Lair (0/8) D:11
    Orc: D:9-12

Altars:
Ashenzari
Cheibriados
Dithmenos
Elyvilon
Fedhas
Gozag
Kikubaaqudgha
Makhleb
Nemelex Xobeh
Okawaru
Qazlal
Ru
Sif Muna
Trog
Vehumet
Xom
Yredelemnul
Zin
The Shining One

Shops:
D:8 }?%

Annotations:
D:12 exclusion: ice beast, Nessos


Innate Abilities, Weirdness & Mutations

You are tiny and cannot use many weapons and most armour.
You have supernaturally acute eyesight.
You are a herbivore.
You cover ground extremely quickly.
You need consume almost no food.
You have sharp toenails.
You are mostly covered in yellow scales (AC +3).
You are dopey. (Int -2)


Message History

Unknown command.
You flicker back into view.
The worker ant twitches its antennae in your direction.
The worker ant misses you.
A hill giant and a crimson imp come into view.
The shadow imp shouts!
The deep elf mage shouts!
The hill giant shouts!
You hit the worker ant but do no damage.
The worker ant misses you.
The crimson imp blinks!
The shadow imp shouts, "Remove thy stench, thou puking shard-borne snake-molt!"
Found a stone staircase leading up.
The deep elf mage points at you and mumbles some strange words.
The fireball explodes!
The fireball engulfs you!
* * * LOW HITPOINT WARNING * * *
The fireball engulfs the worker ant.
The worker ant dies!
You hear a shout! x2
The deep elf mage casts a spell at you.
The fireball explodes!
The fireball engulfs you!
You die...

* #C.......%.. ** *
#........... , , , *
#...%....^.. , * *####
######........... ,
#..# #..........5.....
, ,
##..###.###......e.....
####..###..#
###S...5.....
##.........#
#..##......, *
...#.......#* #@.#
###... #####..##...#
#..# , ## # #..#.....#
#..# * , #
#.....##......., ,
#....##*#....<## , *
### ##.### *#....# ,
..##*..# #.....* *
...., * *...... * , ...
, , *.?.


You could see a guardian serpent, a deep elf mage and a crimson imp.

Vanquished Creatures
  Snorg (D:11)
  A minotaur (Lab)
  Erolcha (D:11)
  A hydra (D:12)
  A skeletal warrior (D:11)
  An unseen horror (D:11)
  Pikel (D:4)
  A hill giant (D:11)
  2 ugly things
  2 deep elf conjurers (D:11)
  2 cyclopes
  Maurice (D:9)
  A guardian serpent (D:12)
  A centaur zombie (D:10)
  A gargoyle (D:11)
  A troll (D:10)
  A two-headed ogre (D:11)
  10 deep elf fighters (D:11)
  2 hippogriffs
  8 yaks (D:9)
  A steam dragon (D:9)
  A wyvern (D:11)
  5 hungry ghosts
  Edmund (D:6)
  2 ice beasts
  5 orc warriors
  A black bear (D:7)
  3 sky beasts
  2 slaves
  A centaur (D:6)
  5 ogres
  A necrophage (D:8)
  3 big kobolds
  7 giant frogs
  4 scorpions
  A water moccasin skeleton (D:7)
  5 wights (D:11)
  6 killer bees (D:9)
  3 vampire bats (D:2)
  4 crimson imps
  3 hounds
  A jelly (D:6)
  An orc priest (D:6)
  3 giant frog skeletons
  A centaur skeleton (D:7)
  4 orc wizards
  An iguana (D:9)
  6 worker ants
  3 sheep (D:12)
  3 hound zombies
  A worker ant zombie (D:9)
  8 gnolls
  9 adders
  4 shadow imps
  2 oozes
  An adder zombie (D:5)
  20 orcs
  5 bat skeletons (D:2)
  A hobgoblin (D:2)
  13 jackals
  8 bats
  4 giant cockroaches
  5 giant geckos
  A giant newt (D:4)
  8 goblins
  16 kobolds
  6 rats
239 creatures vanquished.

Vanquished Creatures (others)
  A worker ant (D:12)
1 creature vanquished.

Grand Total: 240 creatures vanquished

Notes
Turn   | Place    | Note
--------------------------------------------------------------
     0 | D:1      | oplop the Spriggan Assassin began the quest for the Orb.
     0 | D:1      | Reached XP level 1. HP: 10/10 MP: 2/2
   188 | D:1      | Reached XP level 2. HP: 14/14 MP: 3/3
   541 | D:1      | Reached skill level 6 in Stealth
   860 | D:2      | Reached XP level 3. HP: 14/18 MP: 4/4
  1098 | D:2      | Found a sparkling altar of Nemelex Xobeh.
  1260 | D:2      | Found an ancient bone altar of Kikubaaqudgha.
  1260 | D:2      | Noticed a vampire bat
  1260 | D:2      | Noticed a vampire bat
  1260 | D:2      | Noticed a vampire bat
  1264 | D:2      | Reached XP level 4. HP: 22/22 MP: 5/5
  1272 | D:2      | Killed a vampire bat
  1591 | D:2      | Killed a vampire bat
  1591 | D:2      | Reached skill level 7 in Stealth
  1591 | D:2      | Reached XP level 5. HP: 25/25 MP: 6/6
  1648 | D:2      | Killed a vampire bat
  2137 | D:3      | Reached XP level 6. HP: 15/30 MP: 7/7
  2682 | D:4      | Noticed Pikel
  2803 | D:4      | Reached skill level 5 in Dodging
  2803 | D:4      | Reached skill level 8 in Stealth
  3434 | D:4      | Killed Pikel
  3434 | D:4      | Reached skill level 5 in Short Blades
  3434 | D:4      | Reached skill level 9 in Stealth
  3434 | D:4      | Reached XP level 7. HP: 31/33 MP: 8/8
  3812 | D:5      | Entered Level 5 of the Dungeon
  3869 | D:5      | Reached XP level 8. HP: 37/37 MP: 9/9
  3992 | D:5      | Found a staircase to the Ecumenical Temple.
  4010 | D:5      | Reached skill level 5 in Throwing
  4021 | Temple   | Entered the Ecumenical Temple
  4137 | Temple   | Became a worshipper of Ashenzari the Shackled
  5113 | D:6      | Reached skill level 1 in Shields
  5167 | D:6      | Noticed Edmund
  5229 | D:6      | Killed Edmund
  5574 | D:7      | Reached XP level 9. HP: 37/44 MP: 10/10
  6356 | D:8      | Found Ajaa's Food Shop.
  6369 | D:8      | Bought 3 fruits for 54 gold pieces
  6373 | D:8      | Found Casmibio's Gadget Emporium.
  6686 | D:8      | Found a blossoming altar of Fedhas.
  6687 | D:8      | Found a sacrificial altar of Ru.
  6850 | D:8      | Found Neotag's Magic Scroll Emporium.
  6855 | D:8      | Bought a scroll of remove curse for 33 gold pieces
  6855 | D:8      | Bought a scroll of identify for 22 gold pieces
  6855 | D:8      | Bought a scroll of identify for 22 gold pieces
  6855 | D:8      | Bought a scroll of identify for 22 gold pieces
  6855 | D:8      | Bought a scroll of teleportation for 33 gold pieces
  6855 | D:8      | Bought a scroll of identify for 22 gold pieces
  6864 | D:8      | Gained mutation: You are partially covered in yellow scales (AC +2). [potion of mutation]
  6864 | D:8      | Gained mutation: You have sharp toenails. [potion of mutation]
  6865 | D:8      | Gained mutation: You are mostly covered in yellow scales (AC +3). [potion of beneficial mutation]
  7345 | D:9      | Reached * piety under Ashenzari
  7454 | D:9      | Noticed Maurice
  7461 | D:9      | Killed Maurice
  7461 | D:9      | Reached XP level 10. HP: 29/51 MP: 11/11
  7549 | D:9      | Reached skill level 1 in Evocations
  7613 | D:9      | Reached skill level 5 in Shields
  7807 | D:9      | Found a shadowy altar of Dithmenos.
  7865 | D:9      | Found a burning altar of Makhleb.
  8194 | D:9      | Reached skill level 5 in Fighting
  8325 | D:10     | Entered Level 10 of the Dungeon
  8462 | D:10     | Reached skill level 10 in Dodging
  8477 | D:10     | Found a shattered altar of Ashenzari.
  8495 | D:10     | Found a radiant altar of Vehumet.
  9111 | D:11     | Noticed Erolcha
  9114 | D:11     | Killed Erolcha
  9203 | D:11     | Found a labyrinth entrance.
  9218 | Lab      | Entered a labyrinth
  9483 | Lab      | Reached ** piety under Ashenzari
  9495 | Lab      | Noticed a minotaur
  9511 | Lab      | Killed a minotaur
  9511 | Lab      | Reached skill level 5 in Evocations
  9511 | Lab      | Reached XP level 11. HP: 35/56 MP: 13/15
  9529 | Lab      | Identified Sif Muna's Incunabulum of Creative Clay
  9563 | D:11     | Learned a level 6 spell: Deflect Missiles
  9585 | D:11     | Noticed a deep elf conjurer
  9585 | D:11     | Noticed a deep elf conjurer
  9589 | D:11     | Noticed an unseen horror
  9607 | D:11     | Killed an unseen horror
  9607 | D:11     | Reached skill level 11 in Dodging
  9622 | D:11     | Killed a deep elf conjurer
  9645 | D:11     | Gained mutation: You are dopey. (Int -2) [mutagenic glow]
 10027 | D:11     | Found a staircase to the Lair.
 10108 | D:11     | Noticed Snorg
 10135 | D:11     | Killed Snorg
 10155 | D:11     | Reached skill level 12 in Dodging
 10184 | D:11     | Noticed a white ugly thing
 10192 | D:11     | Killed a white ugly thing
 10201 | D:11     | Noticed a cyclops
 10208 | D:11     | Killed a cyclops
 10258 | D:11     | Noticed a hill giant
 10258 | D:11     | Noticed a hill giant
 10299 | D:11     | Noticed a brown ugly thing
 10552 | D:11     | Noticed a white ugly thing
 10552 | D:11     | Noticed a fire giant
 10612 | D:11     | Killed a deep elf conjurer
 10773 | D:11     | Killed a hill giant
 10850 | D:11     | Noticed a skeletal warrior
 10900 | D:11     | HP: 1/58 [acid (10)]
 11321 | D:11     | Killed a skeletal warrior
 11375 | D:12     | Reached skill level 13 in Dodging
 11430 | D:12     | Noticed Nessos
 11496 | D:12     | Reached XP level 12. HP: 27/63 MP: 17/19
 11673 | D:12     | Noticed a five-headed hydra
 11715 | D:12     | Killed a five-headed hydra
 11748 | D:12     | Noticed a hill giant
 11752 | D:12     | Killed from afar by a deep elf mage

Action                   |  1- 3 |  4- 6 |  7- 9 | 10-12 || total
-------------------------+-------+-------+-------+-------++-------
Melee: Dagger            |    81 |    97 |   218 |   312 ||   708
       Short sword       |       |    27 |    24 |    99 ||   150
 Fire: Blowgun           |       |    58 |    49 |    69 ||   176
Throw: Throwing net      |       |       |       |     3 ||     3
 Abil: Evoke Invisibilit |       |       |       |     8 ||     8
Evoke: Wand              |       |       |     1 |     2 ||     3
  Use: Scroll            |       |       |    21 |    11 ||    32
       Potion            |       |       |     2 |     1 ||     3
 Stab: Sleeping          |    18 |     9 |    27 |    23 ||    77
       Distracted        |     3 |       |     2 |     1 ||     6
       Invisible         |       |       |       |    15 ||    15
       Held in net/web   |       |       |       |     2 ||     2
  Eat: Pizza             |       |       |     1 |     1 ||     2
       Fruit             |       |       |     1 |     6 ||     7
       Royal jelly       |       |       |       |     1 ||     1
